CAL (WIN)
MYRTLE BEACH PELICANS @ FORT MYERS MIRACLE
12/02/2048
 
TOP OF THE 1ST
Myrtle Beach Pelicans batting - Pitching for Fort Myers Miracle : RHP Jose Zavala
Pitching: RHP Jose Zavala
Batting: LHB Nate Greening 0-0: Ball
1-0: Ball
2-0: Ball
3-0: Called Strike
3-1: Base on Balls
Batting: LHB Emir Jalil 0-0: Ball
1-0: Ball
2-0: Ball
3-0: Base on Balls
Nate Greening to second
Batting: RHB Josh Asch 0-0: Foul Ball, location: 2F
0-1: Called Strike
0-2: Ball
1-2: Ball
2-2: Ball
3-2: SINGLE (Line Drive, 89S, EV 98.8 MPH)
Nate Greening to third
Emir Jalil to second
Batting: RHB Juan Bonilla 0-0: Ball
1-0: Swinging Strike
1-1: Swinging Strike
1-2: Foul Ball, location: 2F
1-2: GRAND SLAM HOME RUN (Flyball, 9LD, EV 91.9 MPH), Distance : 351 ft
Batting: RHB Ricky Ramirez 0-0: Ball
1-0: SINGLE (Groundball, 6MD, EV 99.4 MPH)
Batting: LHB Daigo Ishii 0-0: Ball
1-0: Foul Ball, location: 2F
1-1: Swinging Strike
1-2: Ball
2-2: SINGLE (Groundball, 34S, EV 65.0 MPH) (infield hit)
Ricky Ramirez to second
Batting: RHB Taylor Garofalo 0-0: Swinging Strike
0-1: Ball
1-1: Ball
2-1: Ball
Passed Ball!
Ricky Ramirez to third
Daigo Ishii to second
3-1: Base on Balls
Batting: RHB Roy Battist 0-0: Swinging Strike
0-1: Foul Ball, location: 2F
0-2: Ball
1-2: Strikes out swinging
Batting: RHB Denis Rachin 0-0: DOUBLE (Line Drive, 89D, EV 100.0 MPH)
Ricky Ramirez scores
Daigo Ishii scores
Taylor Garofalo to third
Pitching: LHP Chris Smith
Batting: LHB Nate Greening 0-0: Called Strike
0-1: Ground out 1-3 (Groundball, 13S, EV 70.6 MPH)
Batting: LHB Emir Jalil 0-0: Ball
1-0: Called Strike
1-1: Ball
2-1: Swinging Strike
2-2: Ball
3-2: Strikes out looking
Top of the 1st over - 6 runs, 5 hits, 0 errors, 2 left on base; Myrtle Beach 6 - Fort Myers 0
BOTTOM OF THE 1ST
Fort Myers Miracle batting - Pitching for Myrtle Beach Pelicans : RHP Melvin Orengo
Pitching: RHP Melvin Orengo
Batting: RHB Nestor Moreno 0-0: Called Strike
0-1: Ball
1-1: Called Strike
1-2: Ground out 6-3 (Groundball, 56, EV 102.5 MPH)
Batting: RHB Settan Nakamura 0-0: Called Strike
0-1: Ball
1-1: Foul Ball, location: 2F
1-2: Strikes out swinging
Batting: LHB Tomas Espino 0-0: Foul Ball, location: 2F
0-1: Ball
1-1: Ball
2-1: Ball
3-1: Called Strike
3-2: Base on Balls
Batting: RHB Terry Oetker 0-0: Called Strike
0-1: SINGLE (Groundball, 34S, EV 79.4 MPH) (infield hit)
Tomas Espino to second
Batting: RHB Fhil Mikrakin 0-0: Fielders Choice at 2nd, 6-4 (Groundball, 6, EV 82.5 MPH)
Bottom of the 1st over - 0 runs, 1 hit, 0 errors, 2 left on base; Myrtle Beach 6 - Fort Myers 0
TOP OF THE 2ND
Myrtle Beach Pelicans batting - Pitching for Fort Myers Miracle : LHP Chris Smith
Batting: RHB Josh Asch 0-0: Ball
1-0: Ball
2-0: Ball
3-0: Base on Balls
Batting: RHB Juan Bonilla 0-0: Called Strike
0-1: Ball
1-1: Fly out, F9 (Line Drive, 9, EV 88.8 MPH)
Batting: RHB Ricky Ramirez 0-0: Ball
1-0: Ball
2-0: Ball
3-0: Base on Balls
Josh Asch to second
Batting: LHB Daigo Ishii 0-0: Swinging Strike
0-1: Ball
Wild Pitch!
Josh Asch to third
Ricky Ramirez to second
1-1: Foul Ball, location: 2F
1-2: Ground out 3-1 (Groundball, 34S, EV 93.1 MPH)
Josh Asch scores
Ricky Ramirez to third
Batting: RHB Taylor Garofalo 0-0: Foul Ball, location: 2F
0-1: Foul Ball, location: 2F
0-2: Fly out, F7 (Flyball, 78D, EV 104.4 MPH)
Top of the 2nd over - 1 run, 0 hits, 0 errors, 1 left on base; Myrtle Beach 7 - Fort Myers 0
BOTTOM OF THE 2ND
Fort Myers Miracle batting - Pitching for Myrtle Beach Pelicans : RHP Melvin Orengo
Batting: RHB Mike Berzins 0-0: Ball
1-0: Ball
2-0: Ball
3-0: Base on Balls
Batting: RHB Hisao Takei 0-0: Called Strike
0-1: Ball
1-1: Ball
2-1: Ball
Mike Berzins steals 2nd base
3-1: Ground out 5-3 (Groundball, 56, EV 97.5 MPH)
Batting: RHB Calvin Day 0-0: Ball
1-0: Fly out, F8 (Flyball, 8LXD, EV 86.9 MPH)
Runner from 2nd tags up, SAFE at 3rd, no throw by CF
Batting: RHB Ned Scovell 0-0: Called Strike
0-1: Fly out, F8 (Flyball, 8LXD, EV 105.6 MPH)
Bottom of the 2nd over - 0 runs, 0 hits, 0 errors, 1 left on base; Myrtle Beach 7 - Fort Myers 0
TOP OF THE 3RD
Myrtle Beach Pelicans batting - Pitching for Fort Myers Miracle : LHP Chris Smith
Batting: RHB Roy Battist 0-0: Called Strike
0-1: Called Strike
0-2: Ball
1-2: Strikes out swinging
Batting: RHB Denis Rachin 0-0: Called Strike
0-1: Fly out, F6 (Popup, P, EV 73.8 MPH)
Batting: LHB Nate Greening 0-0: Ball
1-0: Ball
2-0: Ball
3-0: Base on Balls
Batting: LHB Emir Jalil 0-0: Foul Ball, location: 2F
0-1: Called Strike
0-2: Ball
1-2: Ball
2-2: Ball
3-2: Strikes out swinging
Top of the 3rd over - 0 runs, 0 hits, 0 errors, 1 left on base; Myrtle Beach 7 - Fort Myers 0
BOTTOM OF THE 3RD
Fort Myers Miracle batting - Pitching for Myrtle Beach Pelicans : RHP Melvin Orengo
Batting: RHB Nestor Moreno 0-0: Ball
1-0: Ball
2-0: Ball
3-0: Called Strike
3-1: Ground out 2-3 (Groundball, 2R, EV 70.0 MPH)
Batting: RHB Settan Nakamura 0-0: Ball
1-0: Called Strike
1-1: Ball
2-1: Ground out 5-3 (Groundball, 56, EV 103.1 MPH)
Batting: LHB Tomas Espino 0-0: Fly out, F8 (Flyball, 8LD, EV 98.8 MPH)
Bottom of the 3rd over - 0 runs, 0 hits, 0 errors, 0 left on base; Myrtle Beach 7 - Fort Myers 0
TOP OF THE 4TH
Myrtle Beach Pelicans batting - Pitching for Fort Myers Miracle : LHP Chris Smith
Batting: RHB Josh Asch 0-0: Ball
1-0: Called Strike
1-1: Swinging Strike
1-2: Ground out 6-3 (Groundball, 6, EV 85.0 MPH)
Batting: RHB Juan Bonilla 0-0: Ball
1-0: Ball
2-0: Reached on error, E3 (Groundball, 3S, EV 81.2 MPH)
Pitching: RHP Jose Barrientos
Batting: RHB Ricky Ramirez 0-0: Ball
1-0: Ball
2-0: Ball
3-0: Base on Balls
Juan Bonilla to second
Batting: LHB Daigo Ishii 0-0: Ball
1-0: Ball
2-0: Ball
3-0: Base on Balls
Juan Bonilla to third
Ricky Ramirez to second
Batting: RHB Taylor Garofalo 0-0: Called Strike
0-1: Fielders Choice at 2nd, 5-4 (Groundball, 56, EV 103.8 MPH)
Juan Bonilla scores
Ricky Ramirez to third
Batting: RHB Roy Battist 0-0: Swinging Strike
0-1: Called Strike
0-2: Fly out, F8 (Flyball, 8RM, EV 83.8 MPH)
Top of the 4th over - 1 run, 0 hits, 1 error, 2 left on base; Myrtle Beach 8 - Fort Myers 0
BOTTOM OF THE 4TH
Fort Myers Miracle batting - Pitching for Myrtle Beach Pelicans : RHP Melvin Orengo
Batting: RHB Terry Oetker 0-0: Ball
1-0: Called Strike
1-1: Hit by Pitch
Batting: RHB Fhil Mikrakin 0-0: Called Strike
0-1: Ball
1-1: SINGLE (Line Drive, 4D, EV 102.5 MPH)
Terry Oetker to second
Batting: RHB Mike Berzins 0-0: Ball
1-0: Ball
2-0: Grounds into double play, 6-4-3 (Groundball, 6, EV 103.1 MPH)
Terry Oetker to third
Batting: RHB Hisao Takei 0-0: Called Strike
0-1: Ball
1-1: Foul Ball, location: 2F
1-2: Fly out, F8 (Flyball, 89D, EV 97.5 MPH)
Bottom of the 4th over - 0 runs, 1 hit, 0 errors, 1 left on base; Myrtle Beach 8 - Fort Myers 0
TOP OF THE 5TH
Myrtle Beach Pelicans batting - Pitching for Fort Myers Miracle : RHP Jose Barrientos
Batting: RHB Denis Rachin 0-0: Ball
1-0: Ground out 6-3 (Groundball, 6, EV 84.4 MPH)
Batting: LHB Nate Greening 0-0: Ball
1-0: Called Strike
1-1: Called Strike
1-2: Ball
2-2: Foul Ball, location: 2F
2-2: Foul Ball, location: 2F
2-2: Fly out, F7 (Flyball, 7D, EV 101.9 MPH)
Batting: LHB Emir Jalil 0-0: Ground out 2-3 (Groundball, 15S, EV 76.2 MPH)
Top of the 5th over - 0 runs, 0 hits, 0 errors, 0 left on base; Myrtle Beach 8 - Fort Myers 0
BOTTOM OF THE 5TH
Fort Myers Miracle batting - Pitching for Myrtle Beach Pelicans : RHP Melvin Orengo
Batting: RHB Calvin Day 0-0: Ball
1-0: Foul Ball, location: 2F
1-1: Foul Ball, location: 2F
1-2: Ball
2-2: Strikes out swinging
Batting: RHB Ned Scovell 0-0: Foul Ball, location: 2F
0-1: Ball
1-1: Foul Ball, location: 2F
1-2: Ball
2-2: Strikes out swinging
Batting: RHB Nestor Moreno 0-0: Fly out, F8 (Flyball, 8LS, EV 91.9 MPH)
Bottom of the 5th over - 0 runs, 0 hits, 0 errors, 0 left on base; Myrtle Beach 8 - Fort Myers 0
TOP OF THE 6TH
Myrtle Beach Pelicans batting - Pitching for Fort Myers Miracle : RHP Jose Barrientos
Batting: RHB Josh Asch 0-0: Ball
1-0: Foul Ball, location: 2F
1-1: SINGLE (Flyball, 3D, EV 91.2 MPH)
Batting: RHB Juan Bonilla 0-0: Foul Ball, location: 2F
0-1: Fly out, F8 (Flyball, 8RD, EV 90.6 MPH)
Batting: RHB Ricky Ramirez 0-0: Ball
1-0: Foul Ball, location: 2F
1-1: Swinging Strike
1-2: Strikes out swinging
Batting: LHB Daigo Ishii 0-0: Called Strike
0-1: Ball
1-1: Ball
2-1: Swinging Strike
2-2: Strikes out swinging
Top of the 6th over - 0 runs, 1 hit, 0 errors, 1 left on base; Myrtle Beach 8 - Fort Myers 0
BOTTOM OF THE 6TH
Fort Myers Miracle batting - Pitching for Myrtle Beach Pelicans : RHP Melvin Orengo
Batting: RHB Settan Nakamura 0-0: Foul Ball, location: 2F
0-1: Ball
1-1: Ball
2-1: Foul Ball, location: 2F
2-2: Foul Ball, location: 2F
2-2: Ball
3-2: Foul Ball, location: 2F
3-2: Foul Ball, location: 2F
3-2: Fly out, F8 (Flyball, 8LM, EV 85.6 MPH)
Batting: LHB Tomas Espino 0-0: Ball
1-0: Swinging Strike
1-1: Fly out, F9 (Flyball, 89D, EV 110.0 MPH)
Batting: RHB Terry Oetker 0-0: Ball
1-0: Ground out 6-3 (Groundball, 6, EV 86.2 MPH)
Bottom of the 6th over - 0 runs, 0 hits, 0 errors, 0 left on base; Myrtle Beach 8 - Fort Myers 0
TOP OF THE 7TH
Myrtle Beach Pelicans batting - Pitching for Fort Myers Miracle : RHP Jose Barrientos
Pinch Hitting: RHB Erik Smith 0-0: Ball
1-0: Foul Ball, location: 2F
1-1: Swinging Strike
1-2: Strikes out swinging
Batting: RHB Roy Battist 0-0: Ball
1-0: Ball
2-0: Ball
3-0: Ground out 4-3 (Groundball, 4, EV 87.5 MPH)
Batting: RHB Denis Rachin 0-0: Ball
1-0: Foul Ball, location: 2F
1-1: Ball
2-1: Ball
3-1: Base on Balls
Pitching: RHP Steven Legge
Batting: LHB Nate Greening 0-0: Called Strike
0-1: Ball
1-1: Ball
2-1: Ground out 4-3 (Groundball, 34D, EV 99.4 MPH)
Top of the 7th over - 0 runs, 0 hits, 0 errors, 1 left on base; Myrtle Beach 8 - Fort Myers 0
BOTTOM OF THE 7TH
Fort Myers Miracle batting - Pitching for Myrtle Beach Pelicans : RHP Melvin Orengo
Now in LF: Erik Smith
Batting: RHB Fhil Mikrakin 0-0: Called Strike
0-1: Ball
1-1: Called Strike
1-2: Strikes out swinging
Batting: RHB Mike Berzins 0-0: Ball
1-0: Foul Ball, location: 2F
1-1: SINGLE (Groundball, 6MS, EV 68.1 MPH) (infield hit)
Pitching: RHP Angel Pesina
Batting: RHB Hisao Takei 0-0: Called Strike
Mike Berzins steals 2nd base (no throw)
0-1: Hit by Pitch
Batting: RHB Calvin Day 0-0: Ball
Mike Berzins steals 3rd base (no throw)
1-0: Fly out, F8 (Flyball, 8LM, EV 91.9 MPH)
Runner from 3rd tags up, SCORES, throw by CF
Batting: RHB Ned Scovell 0-0: Ball
1-0: Ball
2-0: Called Strike
2-1: SINGLE (Line Drive, 89S, EV 94.4 MPH)
Hisao Takei to second
Runner from 2nd tries for 3rd, SAFE, no throw by RF
Pinch Hitting: LHB Dave Bertheau 0-0: Ball
1-0: Ball
2-0: Swinging Strike
2-1: Ball
3-1: Base on Balls
Ned Scovell to second
Batting: RHB Settan Nakamura 0-0: Called Strike
0-1: Ground out 4-3 (Groundball, 4, EV 107.5 MPH)
Bottom of the 7th over - 1 run, 2 hits, 0 errors, 3 left on base; Myrtle Beach 8 - Fort Myers 1
TOP OF THE 8TH
Myrtle Beach Pelicans batting - Pitching for Fort Myers Miracle : RHP Steven Legge
Now in CF: Mike Berzins
Now in RF: Dave Bertheau
Pinch Hitting: RHB Mike Hill 0-0: Called Strike
0-1: Called Strike
0-2: Strikes out swinging
Batting: RHB Josh Asch 0-0: Ball
1-0: Foul Ball, location: 2F
1-1: Ground out U3 (Groundball, 3, EV 86.9 MPH)
Pinch Hitting: RHB Bill Holmes 0-0: Called Strike
0-1: Foul Ball, location: 2F
0-2: Foul Ball, location: 2F
0-2: Ball
1-2: Ground out 5-3 (Groundball, 56, EV 85.0 MPH)
Top of the 8th over - 0 runs, 0 hits, 0 errors, 0 left on base; Myrtle Beach 8 - Fort Myers 1
BOTTOM OF THE 8TH
Fort Myers Miracle batting - Pitching for Myrtle Beach Pelicans : RHP Angel Pesina
Now at 1B: Mike Hill
Now in RF: Gilberto Alvarado
Batting: LHB Tomas Espino 0-0: Ball
1-0: Ball
2-0: SINGLE (Flyball, 8LS, EV 85.6 MPH) - OUT at second base trying to stretch hit.
Pinch Hitting: RHB Juan Palma 0-0: Called Strike
0-1: Ball
1-1: Ball
2-1: Foul Ball, location: 2F
2-2: Ball
3-2: Strikes out looking
Batting: RHB Fhil Mikrakin 0-0: Foul Ball, location: 2F
0-1: Ball
1-1: Ball
2-1: Fly out, F7 (Line Drive, 78M, EV 106.2 MPH)
Bottom of the 8th over - 0 runs, 1 hit, 0 errors, 0 left on base; Myrtle Beach 8 - Fort Myers 1
TOP OF THE 9TH
Myrtle Beach Pelicans batting - Pitching for Fort Myers Miracle : RHP Steven Legge
Now at 1B: Andy Ehrsam
Batting: RHB Ricky Ramirez 0-0: Called Strike
0-1: Foul Ball, location: 2F
0-2: Ball
1-2: SINGLE (Line Drive, 78S, EV 104.4 MPH)
Batting: LHB Daigo Ishii 0-0: Called Strike
0-1: Ball
1-1: Called Strike
1-2: Foul Ball, location: 2F
1-2: Ball
2-2: Strikes out swinging
Batting: RHB Erik Smith 0-0: SINGLE (Groundball, 6, EV 98.1 MPH)
Ricky Ramirez to second
Batting: RHB Roy Battist 0-0: Ball
1-0: Swinging Strike
1-1: Foul Ball, location: 2F
1-2: Ball
2-2: Grounds into double play, U3-6 (Groundball, 3L, EV 90.0 MPH)
Top of the 9th over - 0 runs, 2 hits, 0 errors, 1 left on base; Myrtle Beach 8 - Fort Myers 1
BOTTOM OF THE 9TH
Fort Myers Miracle batting - Pitching for Myrtle Beach Pelicans : RHP Angel Pesina
Batting: RHB Mike Berzins 0-0: Swinging Strike
0-1: Called Strike
0-2: Strikes out swinging
Pinch Hitting: RHB Josh Harmon 0-0: Ball
1-0: Ball
2-0: Ball
3-0: Base on Balls
Batting: RHB Calvin Day 0-0: Called Strike
0-1: Foul Ball, location: 2F
0-2: Strikes out swinging
Batting: RHB Ned Scovell 0-0: Fielders Choice at 2nd, 6-4 (Groundball, 6, EV 86.9 MPH)
Bottom of the 9th over - 0 runs, 0 hits, 0 errors, 1 left on base; Myrtle Beach 8 - Fort Myers 1
Tuesday, March 28th , 2023 - OOTP Baseball 23.10 Build 110